Map: Cyber Forest LE

Players

DnS

  • Race: Protoss Protoss
  • Spawn Location: 5:00

soul - Winner!

  • Race: Terran Terran
  • League: Grandmaster
  • Spawn Location: 11:00

Event: 2019 WCS Winter Europe

VOD

Have the link to the VOD?

Description

Time

  • Played on: Feb. 8, 2019, 10:02 a.m.
  • Length: 16:57

All games in this series

Show
View Real Time Build Order
Export as new Build Order

DnS Protoss 

Build Orders: 1 Gate Expand, Phoenix Opening, Blink Stalkers, Colossus Rush 

Get SALT Encoding   

  12  0:00  Probe  
  13  0:12  Probe  
  14  0:18  Pylon  
  14  0:24  Probe  
  15  0:32  Probe  
  15  0:38  Gateway  
  15  0:40  Probe  
  16  0:47  Assimilator  
  17  0:51  Probe  
  18  1:03  Probe  
  19  1:15  Probe  
  20  1:25  Cybernetics Core  
  20  1:33  Nexus  
  20  1:35  Probe  
  21  1:42  Pylon  
  21  1:48  Probe  
  21  1:51  Assimilator  
  21  1:52  Adept  
  22  2:01  Probe  
  22  2:02  Warp Gate  
  25  2:13  Stalker, Probe  
  27  2:30  Probe  
  27  2:36  Twilight Council  
  28  2:42  Probe x2  
  29  2:44  Stalker  
  29  2:50  Probe  
  32  2:54  Probe  
  32  2:55  Blink  
  34  3:00  Probe  
  35  3:06  Probe  
  35  3:12  Probe  
  37  3:18  Probe  
  36  3:21  Gateway x2  
  36  3:24  Sentry, Probe  
  39  3:30  Probe  
  40  3:36  Probe  
  40  3:40  Pylon  
  41  3:42  Probe  
  41  3:46  Robotics Facility  
  42  3:48  Probe  
  42  3:54  Probe  
  41  3:56  Phoenix, Probe  
  40  4:03  Stalker  
  40  4:04  Probe  
  40  4:07  Probe  
  44  4:10  Assimilator  
  44  4:12  Assimilator  
  44  4:13  Pylon  
  44  4:15  Probe  
  45  4:19  Probe  
  46  4:26  Stalker x2  
  46  4:27  Stalker, Probe  
  46  4:31  Probe  
  54  4:37  Observer  
  55  4:39  Probe  
  55  4:44  Pylon  
  56  4:53  Probe x2  
  56  4:56  Observer  
  59  5:03  Robotics Bay  
  59  5:05  Probe  
  60  5:08  Probe  
  60  5:10  Immortal  
  61  5:17  Probe  
  61  5:18  Nexus  
  66  5:21  Pylon  
  66  5:30  Probe x2  
  66  5:32  Forge  
  66  5:33  Charge  
  66  5:35  Colossus  
  68  5:37  Pylon  
  68  5:43  Pylon  
  68  5:53  Probe x2  
  68  5:54  Sentry  
  68  5:56  Sentry, Protoss Ground Weapons Level 1  
  80  5:59  Zealot  
  82  6:05  Probe x2  
  82  6:08  Pylon  
  84  6:13  Extended Thermal Lance  
  84  6:18  Stalker  
  84  6:21  Probe x2  
  88  6:32  Colossus  
  88  6:33  Probe  
  88  6:37  Probe  
  96  6:40  Probe  
  96  6:45  Probe  
  98  6:47  Stalker x2  
  102  7:01  Probe  
  100  7:03  Probe  
  100  7:05  Probe, Gateway  
  100  7:06  Gateway  
  100  7:07  Gateway  
  102  7:14  Zealot x3  
  86  7:24  Protoss Ground Weapons Level 2  
  74  7:33  Probe  
  74  7:34  Colossus, Probe  
  76  7:39  Nexus  
  76  7:40  Stalker  
  84  7:46  Probe x2  
  86  7:58  Probe  
  87  8:02  Probe  
  87  8:04  Sentry  
  87  8:05  Zealot x2, Sentry  
  96  8:10  Probe  
  97  8:14  Probe  
  97  8:18  Pylon  
  98  8:22  Probe  
  98  8:26  Colossus, Probe  
  100  8:30  Pylon  
  100  8:34  Probe, Pylon  
  100  8:38  Zealot  
  109  8:49  Probe x2  
  109  8:53  Zealot x2  
  109  8:54  Zealot  
  116  8:58  Zealot x2  
  116  9:01  Probe x2  
  122  9:05  Zealot  
  122  9:07  Assimilator  
  124  9:10  Assimilator  
  124  9:13  Templar Archives  
  124  9:27  Stalker x4  
  132  9:38  Stalker x2, Probe x3  
  108  9:50  Probe  
  98  9:54  Zealot x2  
  98  9:56  Probe  
  101  10:06  Psionic Storm  
  101  10:07  Probe x2  
  101  10:08  Probe  
  101  10:12  High Templar  
  101  10:13  High Templar  
  108  10:14  Observer  
  108  10:19  Probe  
  110  10:27  High Templar x2  
  114  10:30  Probe x2  
  114  10:31  Probe  
  114  10:34  Protoss Ground Armor Level 1  
  117  10:39  Gateway  
  117  10:41  Gateway  
  117  10:42  Probe x2  
  119  10:43  High Templar  
  119  10:46  High Templar  
  119  10:47  Zealot  
  119  10:48  Probe  
  126  11:12  Forge  
  117  11:19  Warp Prism  
  117  11:20  Zealot x6  
  129  11:31  Probe x3  
  131  11:42  Stargate  
  131  11:43  Probe x2  
  131  11:44  Probe  
  134  11:51  High Templar  
  134  11:52  High Templar x2  
  140  11:55  Probe  
  140  11:56  Pylon  
  140  11:57  Pylon  
  141  12:11  Protoss Ground Armor Level 2, Pylon  
  141  12:12  Pylon  
  141  12:13  Protoss Ground Weapons Level 3  
  141  12:14  Probe x3  
  144  12:20  Stalker x4  
  152  12:23  Zealot  
  152  12:26  Probe  
  152  12:27  Observer  
  154  12:52  Nexus  
  153  13:01  Fleet Beacon  
  153  13:05  Stargate  
  153  13:07  Stalker  
  153  13:08  Stalker x2  
  155  13:13  Phoenix  
  155  13:15  Probe  
  134  13:29  Stalker x3  
  140  13:35  Probe x3  
  143  13:44  Tempest  
  148  13:49  Tempest  
  148  13:51  High Templar x2  
  148  13:52  High Templar  
  159  14:00  Stalker x2  
  163  14:09  Probe x4  
  167  14:15  Zealot x2  
  166  14:21  Probe  
  157  14:28  Stalker x2  
  146  14:43  Zealot x2, Probe x2  
  144  14:57  Stalker x3  
  135  15:09  Probe x3  
  128  15:21  Probe x2  
  128  15:24  Probe  
  130  15:30  Stalker  
  130  15:33  Probe  
  132  15:35  Probe  
  112  15:43  Archon  
  88  15:50  Zealot x4  
  92  16:06  Archon  
  79  16:14  High Templar x6  
  79  16:18  Archon x2  
  86  16:19  Archon  
  47  16:49  Zealot  
Show
View Real Time Build Order
Export as new Build Order

soul Terran - Winner!

Build Orders: Gas First Reaper Expand, Banshee Rush 

Get SALT Encoding   

  12  0:00  SCV  
  13  0:13  SCV  
  14  0:17  Supply Depot  
  14  0:25  SCV  
  14  0:28  Refinery  
  15  0:38  SCV  
  16  0:44  Barracks  
  16  0:51  SCV  
  17  1:03  SCV  
  18  1:15  SCV  
  19  1:32  Reaper, Orbital Command  
  20  1:47  Command Center  
  20  1:56  Factory  
  20  1:59  SCV  
  21  2:05  Barracks Reactor  
  21  2:09  Supply Depot  
  21  2:14  SCV  
  22  2:18  Refinery  
  22  2:26  SCV  
  23  2:38  SCV  
  23  2:43  Hellion, Marine  
  27  2:45  Marine  
  27  2:46  Starport  
  27  2:50  SCV  
  29  2:54  Supply Depot  
  29  3:01  Marine  
  29  3:02  SCV  
  31  3:15  Marine  
  31  3:16  SCV, Widow Mine  
  35  3:24  Starport Tech Lab  
  35  3:28  SCV  
  35  3:29  Orbital Command  
  36  3:35  Marine  
  36  3:36  Marine  
  36  3:39  Factory Tech Lab  
  36  3:40  SCV  
  39  3:45  Cloaking Field  
  39  3:47  Banshee  
  42  3:52  SCV  
  43  3:56  SCV  
  43  4:02  Siege Tank  
  44  4:04  SCV  
  44  4:05  Marine x2  
  44  4:08  SCV  
  48  4:13  Supply Depot  
  48  4:16  SCV  
  49  4:20  SCV  
  49  4:21  Supply Depot  
  51  4:28  SCV  
  51  4:31  Barracks  
  52  4:32  SCV  
  52  4:34  Banshee  
  55  4:40  SCV, Barracks  
  55  4:41  Engineering Bay  
  55  4:44  SCV  
  55  4:45  Supply Depot  
  57  4:50  Stimpack  
  57  4:53  SCV  
  57  4:54  Bunker  
  57  4:56  SCV  
  57  4:57  Factory Reactor  
  59  5:04  Refinery  
  59  5:05  SCV, Marine  
  61  5:09  Terran Infantry Weapons Level 1  
  61  5:11  Supply Depot  
  61  5:12  SCV  
  62  5:16  Refinery  
  62  5:22  SCV  
  62  5:24  SCV  
  62  5:25  Supply Depot  
  62  5:26  Starport Reactor  
  64  5:29  Marauder x2, Marine x2  
  64  5:34  SCV  
  71  5:42  Command Center  
  71  5:44  Combat Shield  
  71  5:47  SCV  
  72  5:50  Marauder, Marine  
  72  5:51  Marine  
  72  5:54  Supply Depot  
  72  5:55  SCV  
  77  5:58  Widow Mine  
  77  5:59  Widow Mine  
  77  6:03  Marauder  
  83  6:05  Medivac  
  85  6:12  Supply Depot  
  85  6:13  SCV x2  
  85  6:16  Marauder  
  85  6:17  Supply Depot  
  89  6:21  Widow Mine  
  89  6:22  Widow Mine  
  89  6:24  Marauder  
  95  6:28  SCV x2  
  95  6:32  Marine  
  98  6:36  Medivac  
  98  6:38  Marauder  
  102  6:42  Medivac, Marine  
  102  6:45  Marauder  
  107  6:51  Concussive Shells  
  107  6:53  Barracks  
  107  6:54  Barracks  
  107  6:55  Supply Depot, Marine  
  108  7:01  Marine  
  108  7:02  Marauder  
  108  7:05  SCV x2  
  113  7:12  Orbital Command  
  111  7:17  SCV  
  111  7:20  Orbital Command  
  108  7:29  Marauder, Marine x2  
  96  7:30  SCV  
  96  7:31  Marine  
  96  7:35  Medivac x2  
  89  7:37  SCV  
  89  7:38  Terran Infantry Armor Level 1  
  90  7:44  Barracks Tech Lab  
  90  7:45  Barracks Reactor  
  90  7:47  Marine x2  
  90  7:49  SCV x3  
  90  7:50  Marauder  
  90  7:51  Marauder, Bunker  
  99  7:52  Bunker, Liberator  
  99  7:53  Sensor Tower  
  99  7:57  Liberator, Widow Mine  
  101  8:00  Widow Mine  
  101  8:01  SCV  
  101  8:03  SCV x2  
  101  8:05  Marauder, Marine x2  
  109  8:11  Marauder  
  109  8:12  Marauder  
  117  8:14  Refinery x2  
  117  8:19  SCV x2  
  122  8:22  Marine  
  122  8:23  Marine x2  
  122  8:27  Marauder  
  127  8:31  Armory, SCV x3  
  127  8:32  Engineering Bay  
  132  8:34  Marauder  
  132  8:43  SCV x2  
  132  8:44  SCV  
  132  8:45  Command Center  
  134  8:51  Fusion Core, Marauder, Starport  
  134  8:52  Marauder  
  134  8:55  Marauder, Marine  
  141  9:14  Refinery  
  141  9:16  Refinery  
  141  9:26  SCV  
  141  9:27  SCV, Marine  
  141  9:28  Marine, Supply Depot  
  141  9:29  Supply Depot  
  141  9:32  Liberator  
  141  9:33  SCV, Marauder  
  141  9:35  Marauder, Marine  
  141  9:36  Liberator  
  141  9:41  Marauder  
  141  9:46  SCV, Marine  
  141  9:47  Marine  
  141  9:48  Marine  
  141  9:49  SCV x2  
  144  9:53  Marine  
  144  9:54  Marauder  
  144  9:57  Marauder  
  144  9:58  SCV  
  146  10:01  SCV x2  
  146  10:02  Marine  
  146  10:04  Starport Tech Lab, Marine  
  146  10:05  Marine  
  148  10:10  Planetary Fortress  
  148  10:12  SCV  
  148  10:13  SCV x2  
  151  10:15  Liberator  
  151  10:16  Marauder, Marine  
  151  10:18  Marauder  
  151  10:21  Marauder  
  158  10:22  Sensor Tower  
  158  10:25  SCV x3, Advanced Ballistics  
  161  10:31  Starport  
  161  10:32  Ghost Academy  
  161  10:33  Terran Infantry Weapons Level 2  
  164  10:37  SCV, Marauder  
  164  10:38  SCV, Terran Infantry Armor Level 2  
  164  10:40  Liberator  
  168  10:44  Bunker  
  168  10:45  Terran Vehicle And Ship Armor Level 1, Liberator  
  168  10:49  Supply Depot x2  
  168  10:50  Marauder  
  168  10:51  Marine, Supply Depot  
  161  11:00  Liberator x2  
  161  11:01  Marauder x2, Marine  
  162  11:10  Marine  
  171  11:27  Supply Depot  
  171  11:28  Ghost  
  171  11:29  Ghost x2, Marine  
  171  11:30  Barracks x2  
  171  11:32  Barracks  
  166  11:33  Liberator  
  166  11:43  Medivac  
  170  11:57  Ghost x2  
  170  11:58  Marauder  
  176  12:13  Command Center  
  176  12:18  Sensor Tower, Ghost  
  176  12:21  Medivac  
  180  12:23  Barracks Tech Lab  
  180  12:26  Ghost x2  
  180  12:29  Medivac  
  186  12:33  Barracks Tech Lab x2  
  186  12:34  Missile Turret  
  186  12:37  Missile Turret  
  186  12:38  Medivac  
  186  12:39  Missile Turret x2  
  186  12:42  Ghost  
  190  12:46  Medivac  
  190  12:47  Ghost  
  194  12:53  Ghost  
  194  12:54  Marauder, Marine  
  194  12:57  Ghost  
  194  12:58  Missile Turret  
  193  13:26  Planetary Fortress  
  199  13:37  Viking x5  
  197  13:41  Marine  
  197  13:42  Marauder  
  200  14:07  Marine  
  199  14:25  Marine  
  199  14:30  Marauder  
  200  14:34  Marine  
  200  14:35  Marauder  
  200  14:38  Viking x3  
  195  14:42  Starport  
  195  14:43  Starport  
  196  14:47  Marine x6  
  196  14:48  Marauder  
  196  14:51  Marine  
  196  14:52  Marine  
  196  14:56  Marauder  
  197  15:05  Marine x2  
  197  15:06  Marauder x2  
  197  15:07  Marine  
  197  15:08  Marauder  
  198  15:24  Marauder x2  
  200  15:34  Viking, Liberator  
  200  15:35  Liberator x3  
  187  15:45  Marauder, Marine x4  
  187  15:46  Marauder x5  
  187  15:47  Liberator  
  166  16:03  Marine x4  
  170  16:04  Command Center  
  170  16:07  Marauder x5, Marine  
  178  16:21  Marine x4  
  178  16:25  Marauder  
  182  16:28  Marauder x2, Command Center, Marine x3  
  188  16:39  Marine  
Tags
 
Add a new tag
Caveats
  • Supply blocks, unpowered buildings, or Contaminate may cause inaccurate times.
  • Supply counts are checked every 10 seconds.